 Dungeon Crawl Stone Soup version 0.27.0-1-g7a089689b8 (webtiles) character file.

Game seed: 12307322968991159534

77 Smaepdii the Stinger (level 4, -2/30 HPs)
             Began as a Merfolk Venom Mage on Aug 6, 2021.
             Slain by an orc (4 damage)
             ... on level 3 of the Dungeon.
             The game lasted 00:08:47 (3577 turns).

Smaepdii the Stinger (Merfolk Venom Mage)           Turns: 3577, Time: 00:08:47

Health: -2/30      AC:  2    Str:  8    XL:     4   Next: 34%
Magic:  4/7        EV: 12    Int: 14    God:
Gold:   155        SH:  0    Dex: 15    Spells: 4/7 levels left

rFire    . . .     SeeInvis .   e - +1 dagger (protect)
rCold    . . .     Faith    .   (no shield)
rNeg     . . .     Spirit   .   a - +0 robe
rPois    .         Reflect  .   (no helmet)
rElec    .         Harm     .   (no cloak)
rCorr    .         Rampage  .   (no gloves)
Will     .....                  (no boots)
Stlth    ++........             (no amulet)
HPRegen  0.10/turn              (no ring)
MPRegen  0.10/turn              (no ring)

@: no status effects
A: (nimble swimmer 2), mertail
a: no special abilities


You were on level 3 of the Dungeon.
You visited 1 branch of the dungeon, and saw 3 of its levels.

You collected 155 gold pieces.

Inventory:

Hand Weapons
 e - a +1 dagger of protection (weapon)
Armour
 a - a +0 robe (worn)
Wands
 m - a wand of acid (8)
 n - a wand of flame (16)
Scrolls
 b - a scroll of immolation {unknown}
 d - 7 scrolls of identify {unknown}
 f - a scroll of enchant armour {unknown}
 g - a scroll of enchant weapon {unknown}
 k - a scroll of amnesia {unknown}
 l - a scroll of teleportation {unknown}
Potions
 c - a potion of haste {unknown}
 h - a potion of magic {unknown}
 i - a potion of resistance {unknown}
 j - a potion of degeneration {unknown}


   Skills:
 - Level 2.6 Dodging
 - Level 2.1 Stealth
 - Level 2.0 Spellcasting
 - Level 1.3 Transmutations
 + Level 5.5 Poison Magic


You had 4 spell levels left.
You knew the following spells:

 Your Spells              Type           Power      Damage    Failure   Level
a - Sting                 Tmut/Pois      44%        1d5       6%          1
b - Poisonous Vapours     Pois/Air       18%        N/A       12%         2

Your spell library contained the following spells:

 Spells                   Type           Power      Damage    Failure   Level
 Olgreb's Toxic Radiance  Pois           16%        N/A       24%         4
 Mephitic Cloud           Conj/Pois/Air  6%         N/A       32%         3
 Frozen Ramparts          Ice            2%         1d2       56%         3
 Ice Form                 Ice/Tmut       3%         N/A       87%         4
 Summon Ice Beast         Ice/Summ       1%         N/A       93%         4


Dungeon Overview and Level Annotations

Branches:
Dungeon (3/15)

Altars:

Shops:
D:2 :


Innate Abilities, Weirdness & Mutations

((You are quick and stealthy near water. (Stealth+, EV+, Speed+++)))
Your lower body shifts to a powerful aquatic tail in water.


Message History

Aiming: Poisonous Vapours (safe; 12% risk of failure)
Press: ? - help, Q - select action, (/) - cycle Dir - move target, f - orc priest
Aim: an orc priest, wielding a +0 falchion (asleep) Poisonous vapours surround the orc priest!
The orc priest is poisoned.
The orc priest shouts!
You hear a shout!
Aiming: Poisonous Vapours (safe; 12% risk of failure)
Press: ? - help, Q - select action, (/) - cycle Dir - move target, f/p - orc priest
Aim: an orc priest, wielding a +0 falchion (moderately wounded, poisoned) Poisonous vapours surround the orc priest!
The orc priest looks even sicker.
An orc comes into view. It is wielding a +0 hand axe.
An orc comes into view. It is wielding a +0 club.
The orc shouts!
You hit the orc priest.
Your weapon exudes an aura of protection.
The orc priest is severely wounded.
You hear a shout!
The orc priest mumbles some strange prayers to Beogh against you.
You barely resist. You barely miss the orc priest.
The orc priest is almost dead.
The orc priest hits you but does no damage.
You barely miss the orc priest.
The orc priest is almost dead.
The orc priest mumbles some strange prayers to Beogh against you.
Pain shoots through your body!
You closely miss the orc priest.
The orc priest is almost dead.
The orc hits you with a +0 club. The orc hits you with a +0 hand axe.
* * * LOW HITPOINT WARNING * * *
The orc priest casts a cantrip, but nothing happens.
An orc wizard comes into view. It is wielding a +0 dagger.
The orc priest looks more healthy.
The orc wizard gestures at you while chanting.
The puff of flame hits you.
* * * LOW HITPOINT WARNING * * *
You open the door. The orc hits you with a +0 club.
You die...

#.######.#.###.#..###.####.
#.##...........#......# #.
#.##.###.#.#####..##### #.
#.##.###.#........# #.
#.##......#####...## ##
#........o# ##.....## ####
######.##o# #.......## #...
##...#o##.......†.###...
#.....o@'.........'....†
......#.##.........###...
#$##..##.###.......## #.#.
#.#......# ##.>...## #.## #
#..##### ##...## #.# ....
##+# #.# ##. #.# #.#


You could see an orc priest, an orc wizard and 2 orcs.

Vanquished Creatures
  2 adders (D:2)
  A worm (D:3)
  A dart slug (D:2)
  6 bats
  3 endoplasms
  3 giant cockroaches (D:1)
  7 hobgoblins
  3 jackals (D:2)
  5 kobolds
  2 quokkas
  8 ball pythons
  3 frilled lizards
  5 goblins
  3 rats (D:1)
52 creatures vanquished.

Notes
Turn   | Place    | Note
-------+----------+-------------------------------------------
     0 | D:1      | Smaepdii the Merfolk Venom Mage began the quest for the
                  | Orb.
     0 | D:1      | Reached XP level 1. HP: 13/13 MP: 3/3
   422 | D:1      | Reached XP level 2. HP: 12/19 MP: 0/5
   544 | D:1      | Found a faded altar of an unknown god.
   568 | D:1      | Reached skill level 4 in Poison Magic
  1023 | D:1      | Reached XP level 3. HP: 24/24 MP: 4/6
  1606 | D:2      | Reached skill level 5 in Poison Magic
  1958 | D:2      | Found Fuezed's Book Boutique.
  1961 | D:2      | Reached XP level 4. HP: 30/30 MP: 4/7
  2082 | D:2      | Learned a level 2 spell: Poisonous Vapours
  3577 | D:3      | Slain by an orc

Illustrated notes

Levels and vault maps discovered:
D:1:      dpeg_arrival_central, layout_basic, ebering_ecumenical_altar_hall
D:2:      layout_basic, serial_shops, shop
D:3:      layout_loops_corners

Skill      XL: |  1  2  3 |
---------------+----------+-----
Poison Magic   | 4 5 |  5.5
Dodging        | |  2.6
Stealth        | |  2.1
Spellcasting   | |  2.0
Transmutations | |  1.3

Action                   |  1- 3 |  4- 6 || total
-------------------------+-------+-------++-------
Melee: Unarmed           |    10 |       ||    10
       Dagger            |     4 |    32 ||    36
 Cast: Sting             |    58 |     4 ||    62
       Poisonous Vapours |       |    24 ||    24
Armor: Robe              |    13 |     6 ||    19
Dodge: Dodged            |    32 |    11 ||    43
